Description

The fastest robotically possible way to get 2 immortals, 8 adepts with group attack +1 and resonating glaives.

Generated by Jorm using Starcraft Fusion by Carbontwelve.

Build Order

Get SALT Encoding   

  12  0:02  Probe  
  13  0:12  Probe  
  14  0:14  Assimilator  
  14  0:22  Pylon  
  14  0:26  Probe  
  15  0:41  Probe, Gateway  
  16  0:52  Probe  
  17  1:03  Probe  
  18  1:13  Probe  
  19  1:24  Probe  
  20  1:28  Cybernetics Core  
  20  1:35  Probe, Assimilator  
  21  1:45  Probe, Forge, Pylon  
  22  1:56  Probe  
  23  2:04  Warp Gate  
  23  2:07  Probe  
  24  2:18  Probe, Protoss Ground Weapons Level 1 (Chrono Boost), Robotics Facility  
  25  2:28  Twilight Council  
  25  2:29  Gateway  
  25  2:32  Probe  
  26  2:41  Gateway  
  26  2:46  Pylon  
  26  3:05  Resonating Glaives  
  26  3:07  Immortal (Chrono Boost)  
  30  3:11  Adept  
  30  3:16  Adept  
  34  3:22  Pylon  
  34  3:28  Adept  
  36  3:41  Immortal  
  40  3:53  Adept x2  
  44  3:57  Pylon  
  45  4:16  Adept x2  
Spawning Tool Build Advisor. Get it on Overwolf

Analysis

Satisfied:

@4:18.39: 32Min 74Gas 51/ 55 Supply

Income: 820Min 228Gas

Buildings:
- 1 Nexus - 5 Pylon - 2 Assimilator - 3 Warp Gate - 1 Forge - 1 Cybernetics Core - 1 Twilight Council - 1 Robotics Facility

Units:
- 27 Probe - 8 Adept - 2 Immortal

Research:
- Ground Weapons 1 - Warp Gate Transformation - Resonating Glaives

Go to:

Details

  • Created by: Jorm
  • Published on: Dec 18, 2016
  • Modified on: Dec 18, 2016
  • Patch: 3.8.0
Show
View Real Time Build Order
Export as new Build Order

Comments (4)

On Feb. 10, 2017, 6:38 a.m., Turir  said:

By the way, you can specify waypoints in Starcraft Fusion to make it generate a safer build (with a few early units, a mothership core and, maybe, an early expansion).

On Feb. 10, 2017, 6:36 a.m., Turir  said:

Notice the entry " 24 2:18 , Protoss Ground Weapons Level 1 (Chrono Boost), Robotics Facility"

The Robotics Facility should stay in the first place. Otherwise it's not seen in Spawning Tool Advisor because of too big label's length. I was frustrated trying to build an immortal without a robotics facility first time :D

In general I like this build. It works good if you know that an opponent don't come to your base before 4 minutes.

On Feb. 10, 2017, 6:34 a.m., Turir  said:

Notice the entry " 24 2:18 , Protoss Ground Weapons Level 1 (Chrono Boost), Robotics Facility"

The Robotics Facility should stay in the first place. Otherwise it's not seen in Spawning Tool Advisor because of too big label's length. I was frustrated trying to build an immortal without a robotics facility first time :D

On Dec. 30, 2016, 5:47 p.m., razorsharp11  said:

It is good to see this is the fastest way roboticially possible. I just realized this is a 1 base all-in.
No mothership core and no units until 3:06 might be dangerous but then again its easy to wall off and cannon up if you got a forge

Create an account to comment!